 Dungeon Crawl Stone Soup version 0.17-a0-1984-g55f5988 (webtiles) character file.

255 Ordine the Conjurer (level 5, -3/28 HPs)
             Began as a Deep Elf Conjurer on Oct 6, 2015.
             Was an Initiate of Vehumet.
             Slain by Ordine's ghost (18 damage)
             ... on level 4 of the Dungeon.
             The game lasted 00:12:13 (3104 turns).

Ordine the Conjurer (Deep Elf Conjurer)             Turns: 3104, Time: 00:12:13

Health: -3/28      AC:  5    Str:  5    XL:     5   Next: 91%
Magic:  9/14       EV: 13    Int: 21    God:    Vehumet [......]
Gold:   233        SH:  0    Dex: 15    Spells: 3 memorised, 6 levels left

rFire  . . .     SeeInvis .     n - staff of wizardry
rCold  . . .     Clarity  .     a - +0 robe
rNeg   . . .     SustAt   .     (no shield)
rPois  .         Gourm    .     o - +2 helmet
rElec  .         Spirit   .     (no cloak)
rCorr  +         Warding  .     (no gloves)
rMut   .         Stasis   .     (no boots)
MR     .....                    k - amulet of resist corrosion
Stlth  ++........               (no ring)
                                (no ring)

@: not resistant to hostile enchantments, unstealthy
A: no striking features
a: Renounce Religion


You were on level 4 of the Dungeon.
You worshipped Vehumet.
Vehumet was noncommittal.
You were hungry.

You visited 1 branch of the dungeon, and saw 4 of its levels.

You collected 233 gold pieces.

Inventory:

Hand Weapons
 q - a +4 dagger of speed
Armour
 a - a +0 robe (worn)
 o - a +2 helmet (worn)
Magical Staves
 n - an uncursed staff of wizardry (weapon)
Jewellery
 k - an amulet of resist corrosion (around neck)
Scrolls
 l - a scroll of remove curse
 s - a scroll of recharging
Potions
 d - 4 potions of curing
 e - a potion of lignification {unknown}
 f - 2 potions of heal wounds
 h - a potion of might
 i - a potion of agility
 m - a potion of invisibility {unknown}
Books
 b - a book of Conjurations

   Spells                             Type                      Level
   a - Magic Dart                     Conjuration                  1
   b - Searing Ray                    Conjuration                  2
   c - Dazzling Spray                 Conjuration/Hexes            3
   d - Fulminant Prism                Conjuration/Hexes            4
   e - Iskenderun's Mystic Blast      Conjuration                  4
   f - Iskenderun's Battlesphere      Conjuration/Charms           5
 r - a book of Ice

   Spells                             Type                      Level
   a - Ice Form                       Ice/Transmutation            4
   b - Metabolic Englaciation         Hexes/Ice                    5
   c - Ozocubu's Refrigeration        Ice                          6
   d - Bolt of Cold                   Conjuration/Ice              6
   e - Freezing Cloud                 Conjuration/Ice/Air          6
   f - Simulacrum                     Ice/Necromancy               6
Comestibles
 c - 4 bread rations
 g - 3 slices of pizza
 j - 2 meat rations


   Skills:
 - Level 2.4 Dodging
 - Level 2.4 Stealth
 - Level 5.2 Spellcasting
 + Level 6.5 Conjurations
 + Level 3.0 Charms


You had 6 spell levels left.
You knew the following spells:

 Your Spells              Type           Power        Failure   Level  Hunger
a - Magic Dart            Conj           ####         1%          1    None
b - Searing Ray           Conj           ####..       1%          2    None
c - Iskenderun's Battles  Conj/Chrm      ####....     17%         5    #####..


Dungeon Overview and Level Annotations

Branches:
Dungeon (4/15)
 Temple: D:4-7

Altars:
Kikubaaqudgha
Vehumet
The Shining One

Annotations:
D:4 Ordine's ghost, amateur TrMo


Message History

Confirm with . or Enter, or press ? or * to list all spells.
Aiming: Searing Ray
Press: ? - help, Shift-Dir - straight line, f - Ordine's ghost
Aim: Ordine's ghost (hasn't noticed you)
The searing ray hits Ordine's ghost.
Ordine's ghost is lightly damaged.
Ordine's ghost turns its malevolent gaze towards you.
You hear a bark!
Ordine's ghost whispers, "Death doesn't hurt.
What you feel is life."
The searing ray hits Ordine's ghost.
Ordine's ghost is lightly damaged.
You can no longer gain magical power from killing.
The searing ray hits Ordine's ghost.
Ordine's ghost is moderately damaged.
Ordine's ghost hits you!
The searing ray hits Ordine's ghost.
Ordine's ghost is heavily damaged.
Ordine's ghost hits you!!
Ouch! That really hurt!
You die...

#############
.....<.<.....
#.##########. ##
##.........#.####.#
#.####..........
#.######## .##
#.#####.##W###.......#
.# #.# #@#.######.# .#
###.### #..## #.# .#
#.....# #.## #####.##
.# #.....# #.#
#......######
.###.....###. #.#
#.###.(......
.<........... ...
##.######
####.....#### ... #.#
#####.####.. .... #.#
....#.#.##.# ... #.#


You could see Ordine's ghost.

Vanquished Creatures
  The ghost of soonmide the Ruffian, an amateur NaTm of Cheibriados (D:3)
  A hound (D:4)
  Robin (D:4)
  5 adders
  An ooze (D:2)
  An adder zombie (D:3)
  2 worms
  3 orcs (D:3)
  A bat zombie (D:3)
  5 giant cockroaches
  11 goblins
  5 hobgoblins
  2 jackals (D:2)
  10 kobolds
  2 quokkas (D:3)
  A ball python (D:3)
  7 bats
  2 giant newts
  A quokka skeleton (D:4)
  7 rats
  A rat zombie (D:3)
70 creatures vanquished.

Notes
Turn   | Place    | Note
--------------------------------------------------------------
     0 | D:1      | Ordine the Deep Elf Conjurer began the quest for the Orb.
     0 | D:1      | Reached XP level 1. HP: 10/10 MP: 6/6
   204 | D:1      | Reached XP level 2. HP: 15/15 MP: 2/8
   208 | D:1      | Learned a level 2 spell: Searing Ray
   210 | D:1      | Reached skill level 5 in Conjurations
   885 | D:2      | Reached XP level 3. HP: 7/19 MP: 0/9
  1604 | D:3      | Reached skill level 6 in Conjurations
  1606 | D:3      | Found a glowing golden altar of the Shining One.
  1659 | D:3      | Noticed soonmide's ghost (amateur NaTm)
  1742 | D:3      | Killed soonmide's ghost
  1742 | D:3      | Reached skill level 5 in Spellcasting
  1742 | D:3      | Reached XP level 4. HP: 17/24 MP: 1/13
  1742 | D:3      | Reached XP level 5. HP: 19/28 MP: 1/14
  1884 | D:3      | Found a radiant altar of Vehumet.
  1899 | D:3      | Became a worshipper of Vehumet
  1911 | D:3      | Learned a level 5 spell: Iskenderun's Battlesphere
  2042 | D:3      | Reached skill level 1 in Charms
  2349 | D:3      | Found an ancient bone altar of Kikubaaqudgha.
  2808 | D:4      | Noticed Robin
  2813 | D:4      | Killed Robin
  2845 | D:4      | Acquired Vehumet's first power
  2845 | D:4      | Offered knowledge of Sting by Vehumet.
  3100 | D:4      | Noticed Ordine's ghost (amateur TrMo)
  3104 | D:4      | Slain by Ordine's ghost

Vault maps used:
D:1:      dpeg_arrival_pits
D:3:      lemuel_zombie_altar_kikubaaqudgha, vehumet_crystals,
          old_standard_altar, first_bread, hangedman_decor_push
D:4:      grunt_temple_overflow_order_and_chaos_2, uniq_robin

Action                   |  1- 3 |  4- 6 || total
-------------------------+-------+-------++-------
Melee: Unarmed           |     5 |       ||     5
       Staff             |       |     3 ||     3
       Dagger            |       |     1 ||     1
 Cast: Magic Dart        |    62 |    63 ||   125
       Searing Ray       |     4 |     5 ||     9
  Use: Scroll            |     8 |     6 ||    14
  Eat: Chunk             |     2 |     4 ||     6
